Map: Frost LE

Players

blackxored - Winner!

  • Race: Zerg Zerg
  • League: Platinum

Zaraza

  • Race: Zerg Zerg
  • League: Diamond

VOD

Have the link to the VOD?

Description

Time

  • Played on: June 30, 2016, 4:37 a.m.
  • Length: 24:20
Show
View Real Time Build Order
Export as new Build Order

blackxored Zerg - Winner!

Build Orders: Hatch First 

Get SALT Encoding   

  12  0:01  Drone  
  13  0:10  Drone  
  14  0:17  Overlord  
  14  0:24  Extractor  
  14  0:25  Drone  
  15  0:36  Drone  
  15  0:37  Drone  
  17  0:54  Hatchery  
  17  0:56  Drone  
  17  0:59  Drone  
  18  1:11  Extractor  
  18  1:15  Spawning Pool  
  18  1:18  Drone  
  17  1:20  Drone  
  18  1:27  Drone  
  19  1:38  Overlord  
  19  1:49  Drone  
  20  2:02  Queen  
  20  2:03  Zergling x2  
  20  2:07  Queen, Spine Crawler  
  24  2:08  Zergling x2  
  24  2:13  Zergling x2  
  26  2:15  Metabolic Boost  
  26  2:31  Drone x3  
  26  2:35  Overlord  
  29  2:42  Baneling Nest  
  29  2:43  Drone  
  29  2:55  Drone x2  
  29  2:56  Drone  
  32  3:10  Drone x2  
  33  3:23  Drone  
  33  3:26  Drone x3  
  37  3:30  Overlord  
  37  3:32  Hatchery  
  36  3:42  Overlord  
  36  3:44  Lair  
  36  3:45  Zergling x2  
  36  3:46  Zergling x2  
  37  3:48  Zergling x2  
  37  3:49  Zergling x2  
  38  4:06  Drone x7  
  38  4:09  Extractor  
  44  4:10  Extractor  
  44  4:15  Drone  
  44  4:19  Extractor  
  43  4:34  Drone x3  
  43  4:37  Drone x5  
  51  4:41  Drone  
  52  4:49  Zergling x4  
  54  4:56  Drone  
  54  4:57  Spire, Drone x5  
  54  4:58  Drone x2  
  54  4:59  Queen  
  63  5:05  Overseer  
  63  5:10  Drone  
  63  5:11  Roach Warren  
  63  5:14  Extractor, Drone x3  
  65  5:22  Drone  
  65  5:24  Extractor, Drone  
  65  5:28  Overlord x4  
  66  5:48  Zergling x10  
  66  5:49  Zergling x6  
  74  5:51  Baneling x5  
  74  5:55  Roach x2  
  74  5:56  Roach x2  
  82  6:01  Drone x2  
  84  6:07  Overseer  
  84  6:08  Mutalisk  
  84  6:09  Mutalisk  
  84  6:11  Zerg Flyer Armor Level 1  
  88  6:12  Mutalisk  
  89  6:31  Overlord  
  89  6:48  Overlord  
  89  6:49  Overlord x3  
  89  6:58  Mutalisk x2  
  89  6:59  Mutalisk x3  
  96  7:05  Mutalisk  
  96  7:06  Mutalisk  
  100  7:12  Mutalisk x6  
  107  7:20  Mutalisk  
  107  7:22  Zergling x18  
  108  7:31  Mutalisk  
  108  7:33  Zergling x2  
  108  7:34  Zergling x6  
  110  7:46  Zergling x8  
  101  7:56  Zergling x4  
  101  7:57  Drone  
  96  8:02  Drone  
  96  8:05  Zerg Flyer Weapons Level 1  
  94  8:10  Drone  
  94  8:11  Drone x2  
  93  8:14  Queen  
  91  8:29  Mutalisk  
  91  8:30  Mutalisk x3  
  99  8:35  Drone x2  
  99  8:38  Extractor  
  100  8:41  Zergling x2  
  100  8:42  Zergling x4  
  100  8:47  Overlord  
  100  8:51  Drone  
  100  8:52  Drone x3  
  103  9:00  Overseer  
  103  9:03  Drone x2  
  103  9:04  Drone x2  
  107  9:10  Extractor  
  107  9:11  Drone  
  107  9:12  Queen  
  98  9:55  Roach  
  98  9:56  Roach x10  
  95  10:08  Mutalisk  
  95  10:09  Mutalisk x2  
  99  10:15  Queen  
  99  10:17  Centrifical Hooks  
  99  10:18  Zergling x4  
  99  10:19  Zergling x2  
  104  10:25  Zergling x2  
  105  10:36  Drone x3  
  108  10:46  Hatchery  
  107  11:00  Zergling x8  
  107  11:01  Zergling x14  
  118  11:08  Zergling x2  
  119  11:12  Zergling x2  
  119  11:13  Zergling x2  
  121  11:20  Hatchery  
  121  11:23  Evolution Chamber  
  121  11:24  Drone  
  121  11:25  Infestation Pit, Evolution Chamber  
  119  11:32  Zergling x4  
  120  11:33  Zergling x14  
  120  11:35  Ravager  
  120  11:36  Baneling  
  120  11:37  Baneling x28  
  120  11:38  Baneling x5  
  124  11:49  Zergling x2  
  124  11:50  Zergling x10  
  97  12:18  Mutalisk x3  
  97  12:19  Mutalisk x7  
  97  12:20  Mutalisk  
  92  12:32  Zergling x8  
  92  12:33  Zergling x6  
  92  12:36  Drone  
  87  12:37  Drone  
  83  12:45  Mutalisk x2  
  83  12:47  Zergling x2  
  86  12:51  Drone  
  86  12:52  Drone  
  86  13:01  Drone  
  86  13:02  Drone x4  
  86  13:03  Drone  
  92  13:19  Zergling x12  
  99  13:20  Zergling x6  
  99  13:24  Overseer  
  99  13:26  Zerg Melee Weapons Level 1  
  101  13:31  Zerg Ground Armor Level 1  
  101  13:40  Drone x5  
  106  13:43  Extractor, Drone x2  
  94  14:13  Hive  
  94  14:18  Zergling x24  
  94  14:19  Zergling x12  
  94  14:23  Overseer  
  112  14:32  Zergling x6  
  112  14:33  Zergling x10  
  120  14:39  Drone x3  
  120  14:44  Zergling x4  
  120  14:45  Zergling x6  
  128  14:46  Baneling  
  128  14:47  Baneling x6  
  128  14:49  Baneling x2  
  122  14:56  Zergling x4  
  122  14:57  Zergling x6  
  122  14:59  Baneling x4  
  126  15:00  Baneling  
  126  15:01  Baneling x2  
  126  15:03  Baneling x2  
  126  15:04  Baneling  
  126  15:05  Baneling x2  
  124  15:16  Roach x4  
  124  15:18  Drone  
  124  15:19  Drone  
  134  15:25  Adrenal Glands  
  134  15:30  Baneling x10  
  134  15:31  Baneling  
  134  15:32  Baneling  
  134  15:33  Baneling  
  84  15:55  Mutalisk x5  
  86  16:02  Mutalisk  
  86  16:03  Mutalisk  
  90  16:10  Zergling x4  
  92  16:15  Extractor  
  92  16:16  Drone  
  92  16:17  Extractor  
  93  16:28  Zergling x12  
  99  16:37  Zergling x4  
  99  16:38  Zergling x6  
  104  16:44  Zergling x6  
  104  16:46  Ravager x2  
  110  16:47  Ravager x2  
  110  16:50  Zergling x4  
  106  16:58  Zergling x2  
  106  16:59  Zergling x8  
  96  17:05  Zergling x8  
  88  17:12  Baneling  
  88  17:13  Zergling x4  
  84  17:19  Zergling x4  
  83  17:32  Extractor  
  83  17:37  Zergling x12  
  84  17:59  Zergling x6  
  84  18:00  Zergling x10  
  90  18:14  Ultralisk Cavern  
  89  18:24  Overseer  
  89  18:34  Drone x3  
  89  18:35  Extractor  
  91  18:47  Hatchery  
  90  18:51  Zergling x2  
  90  18:52  Zergling x8  
  95  18:57  Overlord  
  88  19:30  Zergling x22  
  95  19:37  Chitinous Plating  
  90  20:05  Zergling x14  
  90  20:06  Zergling x2  
  96  20:21  Ultralisk  
  102  20:40  Baneling  
  102  20:41  Baneling x7  
  102  20:42  Baneling x4  
  102  20:43  Baneling x3  
  102  20:44  Baneling  
  102  20:52  Ultralisk  
  89  21:18  Zergling x22  
  77  21:36  Ultralisk  
  77  21:38  Baneling  
  77  21:39  Baneling  
  57  22:19  Zergling x4  
  57  22:20  Zergling x2  
  41  23:30  Zergling x2  
  41  23:31  Zergling x6  
  43  23:52  Baneling x2  
Show
View Real Time Build Order
Export as new Build Order

Zaraza Zerg 

Build Orders: 3 Hatch before Pool 

Get SALT Encoding   

  12  0:01  Drone  
  13  0:13  Overlord  
  13  0:18  Drone  
  14  0:32  Drone x2  
  14  0:35  Drone  
  17  0:55  Hatchery  
  17  0:57  Drone  
  17  1:19  Drone  
  17  1:23  Drone, Hatchery  
  18  1:34  Extractor  
  18  1:38  Spawning Pool  
  16  1:43  Drone  
  16  1:44  Drone  
  18  1:49  Drone  
  19  1:59  Overlord  
  19  2:25  Queen  
  19  2:26  Queen  
  19  2:27  Zergling x2  
  19  2:28  Zergling x4  
  26  2:30  Drone x2  
  28  2:39  Drone x2  
  28  2:40  Drone  
  31  2:47  Metabolic Boost  
  31  2:58  Queen  
  33  2:59  Drone  
  34  3:08  Overlord  
  34  3:11  Drone x3  
  37  3:13  Drone  
  38  3:21  Drone, Spine Crawler  
  38  3:23  Drone  
  39  3:28  Drone x2  
  39  3:30  Drone  
  42  3:40  Overlord  
  42  3:46  Roach Warren  
  42  3:47  Evolution Chamber  
  40  3:51  Overlord  
  40  3:53  Drone x2  
  42  4:16  Lair  
  42  4:17  Overlord x2  
  42  4:18  Drone x2  
  42  4:19  Drone x5  
  42  4:20  Drone  
  42  4:21  Drone  
  51  4:29  Zerg Missile Weapons Level 1  
  51  4:30  Zergling x2  
  51  4:31  Zergling x4  
  53  4:37  Roach x2  
  56  4:49  Roach x3  
  56  4:50  Roach  
  64  4:55  Extractor  
  64  4:56  Extractor  
  64  4:59  Roach  
  64  5:01  Drone  
  64  5:02  Drone x8  
  73  5:17  Overlord x3  
  73  5:23  Glial Reconstitution  
  73  5:27  Zergling x2  
  73  5:28  Zergling x14  
  81  5:39  Roach  
  81  5:40  Roach x3  
  89  5:47  Roach  
  89  5:48  Extractor, Roach  
  92  5:54  Roach x3  
  92  5:55  Roach  
  100  6:00  Overlord x3  
  100  6:03  Roach  
  102  6:06  Roach  
  104  6:13  Overlord  
  104  6:18  Roach x4  
  112  6:22  Roach x3  
  112  6:23  Roach  
  120  6:28  Roach x2  
  120  6:29  Roach  
  126  6:34  Roach x2  
  126  6:36  Roach  
  132  6:46  Roach  
  134  6:47  Roach x2  
  134  6:50  Overlord x3  
  134  7:20  Roach  
  134  7:21  Roach x11  
  156  7:43  Extractor  
  143  7:46  Hydralisk Den, Drone  
  143  7:47  Drone x8  
  149  7:51  Extractor  
  124  8:10  Drone  
  124  8:11  Drone x6  
  129  8:13  Spore Crawler  
  129  8:15  Spore Crawler x2  
  129  8:17  Zerg Missile Weapons Level 2  
  129  8:18  Spore Crawler  
  115  8:22  Muscular Augments  
  115  8:24  Spore Crawler  
  115  8:26  Spore Crawler  
  103  8:28  Queen x2  
  101  8:51  Hydralisk x9  
  101  8:52  Hydralisk x4  
  110  9:26  Hydralisk x8  
  110  9:27  Hydralisk x3  
  121  9:37  Hydralisk x3  
  103  10:14  Hydralisk  
  103  10:15  Roach Warren, Hydralisk x10  
  124  10:33  Overlord x3  
  124  10:49  Overlord x2  
  124  10:58  Roach x13  
  150  11:15  Hydralisk  
  150  11:16  Hydralisk x2  
  156  11:21  Hatchery  
  153  11:29  Zerg Ground Armor Level 1  
  153  11:33  Spore Crawler  
  153  11:35  Hydralisk  
  153  11:36  Hydralisk x3  
  158  11:53  Hydralisk  
  158  11:54  Hydralisk x4  
  160  12:01  Hydralisk  
  93  12:27  Roach  
  93  12:28  Roach x12  
  105  12:31  Roach  
  87  12:53  Hydralisk x5  
  97  13:01  Hydralisk x2  
  101  13:16  Hydralisk  
  101  13:17  Hydralisk x3  
  109  13:31  Hydralisk x2  
  109  13:32  Hydralisk x2  
  117  13:44  Drone  
  117  13:45  Drone  
  117  13:46  Hydralisk  
  117  13:47  Hydralisk  
  100  14:14  Hydralisk x6  
  112  14:32  Hydralisk x3  
  112  14:33  Hydralisk x2  
  122  15:01  Hatchery  
  117  15:17  Hydralisk  
  117  15:18  Hydralisk x8  
  135  15:26  Roach  
  135  15:27  Roach  
  135  15:28  Roach  
  131  15:48  Roach  
  131  15:49  Roach x5  
  83  16:17  Hydralisk  
  83  16:18  Hydralisk x2  
  89  16:19  Hatchery  
  88  16:32  Hydralisk  
  88  16:33  Hydralisk x2  
  94  16:55  Hydralisk  
  94  16:56  Hydralisk x3  
  84  17:28  Hydralisk x3, Hatchery  
  85  17:41  Roach x2  
  89  17:53  Spore Crawler  
  89  17:55  Spore Crawler  
  89  17:56  Roach  
  83  18:18  Spine Crawler  
  82  18:33  Hydralisk x3  
  88  18:54  Hydralisk x4  
  96  19:02  Extractor  
  77  19:33  Hydralisk  
  77  19:34  Hydralisk x7  
  91  19:56  Roach  
  91  19:57  Roach x4  
  101  20:13  Roach  
  101  20:14  Roach x3  
  109  21:05  Hydralisk  
  109  21:06  Hydralisk x8  
  94  21:18  Roach  
  94  21:19  Roach  
Tags
 
Add a new tag
Caveats
  • Supply blocks, unpowered buildings, or Contaminate may cause inaccurate times.
  • Supply counts are checked every 10 seconds.